 Dungeon Crawl Stone Soup version 0.27-a0-416-gca2cecf3c0 (webtiles) character file.

Game seed: 15778157735507120888

1309 dickylongcocking the Nimble (level 8, -3/37 HPs)
             Began as a Felid Delver on Feb 24, 2021.
             Was a Follower of Dithmenos.
             Slain by a hornet (15 damage)
             ... while paralysed by a hornet
             ... on level 9 of the Dungeon.
             The game lasted 00:10:10 (11224 turns).

dickylongcocking the Nimble (Felid Delver)         Turns: 11224, Time: 00:10:11

Health: -3/37      AC:  2    Str:  8    XL:     8   Next: 32%
Magic:  9/9        EV:  4    Int: 12    God:    Dithmenos [*.....]
Gold:   534        SH:  0    Dex: 20    Spells: 7/7 levels left
                                        Lives:  0   Deaths: 2

rFire    . . .     SeeInvis +     - Unarmed
rCold    . . .     Faith    +   (shield unavailable)
rNeg     . . .     Spirit   .   (armour unavailable)
rPois    .         Reflect  .   (helmet unavailable)
rElec    .         Harm     .   (cloak unavailable)
rCorr    .         Rampage  .   (gloves unavailable)
Will     +....     Clarity  +   (boots unavailable)
Stlth    +++++.....             g - amulet of faith
HPRegen  0.12/turn              m - +4 ring of evasion
MPRegen  0.11/turn              (no ring)

@: paralysed, marked, wreathed by umbra, quick
A: very small, no armour, no weapons or thrown items, stealth, antennae 1, claws
1, fangs 3, see invisible, clarity, speed 1, shaggy fur 2, wild magic 1,
MP-powered wands, sharp paws
a: Renounce Religion


You were on level 9 of the Dungeon.
You worshipped Dithmenos.
Dithmenos was aware of your devotion.
You visited 2 branches of the dungeon, and saw 10 of its levels.

You collected 534 gold pieces.

Inventory:

Jewellery
 a - an amulet of magic regeneration
 g - an amulet of faith (around neck)
 m - a +4 ring of evasion (left paw)
Wands
 e - a wand of digging (2)
 h - a wand of polymorph (12)
Scrolls
 b - 4 scrolls of blinking {unknown}
 f - a scroll of immolation {unknown}
 j - 4 scrolls of teleportation {unknown}
 k - 8 scrolls of identify {unknown}
 n - 2 scrolls of amnesia {unknown}
 p - a scroll of enchant armour {unknown}
 s - a scroll of noise {unknown}
 v - 2 scrolls of summoning {unknown}
Potions
 d - 4 potions of haste
 i - 3 potions of mutation
 o - a potion of might
 u - a potion of flight {unknown}


   Skills:
 * Level 5.5 Fighting
 * Level 10.7 Dodging
 - Level 6.6 Stealth
 * Level 9.0 Unarmed Combat


You had 7 spell levels left.
You didn't know any spells.
Your spell library contained the following spells:

 Spells                   Type           Power        Failure   Level
 Foxfire                  Conj/Fire      0%           41%         1
 Shock                    Conj/Air       0%           41%         1
 Swiftness                Air            0%           54%         2
 Conjure Flame            Conj/Fire      0%           77%         3
 Inner Flame              Hex/Fire       0%           77%         3
 Static Discharge         Conj/Air       0%           77%         3
 Airstrike                Air            0%           98%         4
 Sticky Flame             Conj/Fire      0%           98%         4
 Fireball                 Conj/Fire      0%           100%        5
 Lightning Bolt           Conj/Air       0%           100%        5


Dungeon Overview and Level Annotations

Branches:
Dungeon (9/15)             Temple (1/1) D:7             Orc (0/2) D:9
   Lair: D:8-11

Altars:
Ashenzari
Cheibriados
Dithmenos
Elyvilon
Fedhas
Gozag
Hepliaklqana
Kikubaaqudgha
Makhleb
Nemelex Xobeh
Okawaru
Qazlal
Ru
Sif Muna
Trog
Uskayaw
Vehumet
Wu Jian
Xom
Yredelemnul
Zin
The Shining One

Annotations:
D:5 5 runed translucent doors
D:8 Maurice


Innate Abilities, Weirdness & Mutations

You cannot wear armour.
You are incapable of wielding weapons or throwing items.
Your paws allow you to move quietly. (Stealth)
You have sharp claws.
You have razor-sharp teeth.
You have supernaturally acute eyesight. (SInv)
You cover ground quickly.
You are covered in thick fur. (AC +2)
Your sharp claws are effective at attacking unaware monsters.
You have a pair of small antennae on your head.
You possess an exceptional clarity of mind.
Your spells are a little harder to cast, but a little more powerful.
You expend magic power (3 MP) to strengthen your wands.


Message History

Found 17 gold pieces.
There are monsters nearby!
You set off the alarm!
A sentinel's mark forms upon you.
The jelly quivers.
You hear a shout! x5; You hear a loud, deep croak!
You hear a shout!
A hornet comes into view.
An orc wizard comes into view. It is wielding a +0 dagger.
You scratch the jelly.
Your paws burn!
The jelly is lightly wounded.
An orc priest comes into view. It is wielding a +0 mace of draining.
The jelly hits you but does no damage.
You claw the jelly!
Your paws burn!
The jelly is heavily wounded.
The orc priest begins to cast a cantrip, but forgets the words!
The jelly completely misses you.
You scratch the jelly.
Your paws burn!
The jelly is heavily wounded.
The orc wizard gestures at itself while chanting.
The orc wizard flickers and vanishes for a moment.
The jelly completely misses you.
You claw the jelly!
You kill the jelly!
Dithmenos accepts your kill. The hound completely misses you.
The hound completely misses you. The hornet completely misses you.
The hound misses you.
Unknown command.
The hound completely misses you. The hornet completely misses you.
Okay, then.
The hound misses you.
The orc priest invokes the aid of Beogh against you.
Beogh smites you!
Found a whip.
As you read the scroll of magic mapping, it crumbles to dust.
You feel aware of your surroundings.
You sensed 1 altar.
The hound misses you. The hornet stings you.
You suddenly lose the ability to move!
The hound barely misses you. The hornet stings you!
You die...

,,,,,,........#*......#****,,,,,,
,,,,,,........##........,,,,,,***
,,,,,,.$......##........,,,,,,*
,,,,,,........##........,,,,,,*
,,,,,,......o...........,,,,,,*
,,,,,,..................,,,,,,***
,,,,,,..................,,,,,,,,,
.......###.....yo.......,,,,,,,,,
.......# #.....h@.......,,,,,****
.......# #..............,,,,,*
.......# #.............),,,,,*
.......# #..............,,,,,*
.......###..............,,,,,****
........................,,,,,,,,,
....................####,,,******
#...................# *,,,*
#...................# *,,,*


You could see a hornet, a hound, an orc priest and an orc wizard (invisible).

Vanquished Creatures
  A spriggan (D:7)
  A water moccasin (D:7)
  4 ogres
  3 centaurs
  2 phantoms
  3 bullfrogs (D:7)
  2 scorpions
  5 killer bees (D:7)
  4 wights (D:8)
  A howler monkey (D:7)
  7 hounds
  4 jellies
  2 centaur skeletons
  An iguana (D:7)
  3 orc wizards
  7 worker ants
  A killer bee zombie (D:7)
  A howler monkey zombie (D:4)
  2 worker ant zombies (D:5)
  Robin (D:2)
  5 adders
  4 white imps
  2 oozes
  An adder skeleton (D:6)
  4 worms
  2 dart slugs
  7 leopard geckos
  14 orcs
  10 giant cockroaches
  17 goblins
  12 hobgoblins
  2 jackals (D:2)
  3 quokkas
  7 bats
  6 frilled lizards
  A jackal skeleton (D:7)
  8 kobolds
  A leopard gecko zombie (D:8)
  11 rats
172 creatures vanquished.

Vanquished Creatures (others)
  An orc (D:8)
1 creature vanquished.

Grand Total: 173 creatures vanquished

Notes
Turn   | Place    | Note
-------+----------+-------------------------------------------
     0 | D:5      | dickylongcocking the Felid Delver began the quest for the
                  | Orb.
     0 | D:5      | Reached XP level 1. HP: 10/10 MP: 2/2
   111 | D:5      | Found the +9 staff of Olgreb {rPois∞}
   113 | D:5      | Noticed a killer bee
   113 | D:5      | Noticed a killer bee
   114 | D:5      | Noticed a killer bee
   114 | D:5      | Noticed a killer bee
   114 | D:5      | Noticed a killer bee
   114 | D:5      | Noticed a killer bee
   114 | D:5      | Noticed a killer bee
   115 | D:5      | Noticed a killer bee
   121 | D:5      | Noticed a worker ant
   121 | D:5      | Noticed a worker ant
   121 | D:5      | Noticed a worker ant
   122 | D:5      | Found a runed translucent gate.
   122 | D:5      | Found a runed translucent gate.
   122 | D:5      | Noticed a soldier ant
   122 | D:5      | Noticed a worker ant
   122 | D:5      | Noticed a worker ant
   122 | D:5      | Noticed a worker ant
   122 | D:5      | Noticed a soldier ant
   123 | D:5      | Found a runed translucent door.
   135 | D:5      | Found a runed translucent gate.
   137 | D:5      | Noticed a water moccasin
   137 | D:5      | Noticed a worker ant
   137 | D:5      | Noticed a water moccasin
   145 | D:5      | Found a runed translucent door.
   147 | D:5      | Noticed a water moccasin
   194 | D:4      | Noticed an ogre
   194 | D:4      | Noticed an ogre
   203 | D:3      | Reached XP level 2. HP: 14/14 MP: 3/3
   335 | D:2      | Noticed Robin
   341 | D:2      | Reached XP level 3. HP: 13/17 MP: 4/4
   348 | D:2      | Killed Robin
   496 | D:2      | Found a bloodstained altar of Trog.
   758 | D:1      | Reached skill level 3 in Dodging
   784 | D:1      | Gained mutation: You are clumsy. (Dex -2) [potion of
                  | mutation]
   784 | D:1      | Gained mutation: Your muscles are strong. (Str +2) [potion
                  | of mutation]
   784 | D:1      | Gained mutation: You possess an exceptional clarity of
                  | mind. [potion of mutation]
   997 | D:1      | Reached XP level 4. HP: 14/21 MP: 5/5
  2530 | D:2      | Reached skill level 4 in Dodging
  2807 | D:3      | Lost mutation: You are clumsy. (Dex -2) [potion of
                  | mutation]
  2807 | D:3      | Lost mutation: Your muscles are strong. (Str +2) [potion of
                  | mutation]
  2807 | D:3      | Gained mutation: You expend magic power (3 MP) to
                  | strengthen your wands. [potion of mutation]
  2807 | D:3      | Gained mutation: You have a pair of small antennae on your
                  | head. [potion of mutation]
  2807 | D:3      | Gained mutation: Your spells are a little harder to cast,
                  | but a little more powerful. [potion of mutation]
  3213 | D:3      | Reached XP level 5. HP: 24/24 MP: 6/6
  3597 | D:4      | Slain by an ogre
  3598 | D:4      | Reached XP level 4. HP: -3/21 MP: 5/5
  3619 | D:4      | Killed an ogre
  3620 | D:4      | Reached skill level 5 in Dodging
  3620 | D:4      | Reached skill level 5 in Unarmed Combat
  3620 | D:4      | Reached XP level 5. HP: 24/24 MP: 0/6
  3673 | D:4      | Killed an ogre
  3674 | D:4      | Gained mutation: You are covered in thick fur. (AC +2)
                  | [Felid growth]
  3674 | D:4      | Reached XP level 6. HP: 3/28 MP: 0/7
  3969 | D:4      | Reached skill level 6 in Dodging
  4885 | D:5      | Reached skill level 7 in Dodging
  4885 | D:5      | Reached XP level 7. HP: 31/31 MP: 8/8
  6763 | D:6      | Reached skill level 8 in Dodging
  7269 | D:6      | Reached XP level 8. HP: 3/34 MP: 9/9
  7661 | D:6      | HP: 1/34 [orc warrior/+0 halberd (18)]
  8531 | D:7      | Reached skill level 9 in Dodging
  8609 | D:7      | Found a staircase to the Ecumenical Temple.
  8617 | D:7      | Found a shadowy altar of Dithmenos.
  8619 | Temple   | Entered the Ecumenical Temple
  8691 | Temple   | Became a worshipper of Dithmenos the Shadowed
  9057 | D:7      | Found a sand-covered staircase.
  9401 | D:7      | Reached skill level 10 in Dodging
  9864 | D:8      | Reached * piety under Dithmenos
  9867 | D:8      | Noticed Maurice
  9893 | D:7      | Reached XP level 9. HP: 32/40 MP: 10/10
  9904 | D:7      | Reached skill level 5 in Fighting
 10425 | D:7      | >
 11152 | D:8      | Slain by a wight
 11153 | D:8      | Reached XP level 8. HP: -1/37 MP: 9/9
 11213 | D:9      | Noticed a hornet
 11223 | D:9      | Paralysed by a hornet for 3 turns
 11224 | D:9      | Slain by a hornet

Illustrated notes

.....#................#
.......##...#.......###
......###.......##### ......#
#........##.## ##....#
###.......#..# ##....#
#...........#
##....#####)....⌠...##
.#....s.B.#.........#######
...####)#.#...sB@J⌠.##.#..##
.....#####...........#.....##
....### ##.....⌠..##....##.#
......#####.................#
...........#.........)....###
#'##.....>.##..............#
...#.......##.............##
...'....##......_..###.....#
...#..####..........#....###


Turn 10425 on D:7: >

Levels and vault maps discovered:
D:1:      scummos_arrival_simple_crosswalls, layout_basic, minivault_23,
          interstate_on_off, roderic_serpentine_path, minmay_heptomino_l4
D:2:      layout_loops_cross, lightli_temple_of_fire, uniq_robin
D:3:      layout_loops_cross, minmay_misc_feat_hallway,
          chequers_serial_rivers_large_b
D:4:      layout_cave_pools
D:5:      layout_cave_pools, gup_sewer_entry_pipe, kennysheep_big_empty_room,
          minmay_guarded_unrand_staff_of_olgreb
D:6:      layout_basic
D:7:      layout_cave_pools, temple_fountains, enter_ossuary_2, basic_altar,
          the_bakery
D:8:      layout_cave_pools, serial_glass, glass_columns_a, glass_columns_a,
          glass_columns_a, glass_columns_c, glass_columns_a, glass_columns_a,
          uniq_maurice
D:9:      layout_small_grid, david_orc_3, basic_altar
Temple:   grunt_wide_crystal_templ

Skill      XL: |  1  2  3  4  5  6  7  8  9 |
---------------+----------------------------+-----
Unarmed Combat | 3 4 5 6 7 8 9 |  9.0
Dodging        | 3 5 7 8 10 | 10.7
Fighting       | 4 5 |  5.5
Stealth        | |  6.6

Action                   |  1- 3 |  4- 6 |  7- 9 || total
-------------------------+-------+-------+-------++-------
Melee: Unarmed           |    97 |   195 |   368 ||   660
       Bite              |     8 |    16 |    51 ||    75
       Punch             |     1 |     1 |    15 ||    17
Evoke: Wand              |       |     6 |     4 ||    10
  Use: Potion            |     3 |     5 |    10 ||    18
       Scroll            |     1 |       |     4 ||     5
 Stab: Sleeping          |     4 |    22 |     3 ||    29
       Distracted        |     1 |     1 |     2 ||     4
Armor: Skin              |     7 |     7 |     8 ||    22
Dodge: Dodged            |    68 |   153 |   523 ||   744

Table legend: (Time is in decaauts)
 A = Elapsed time spent in this place.
 B = Non-inter-level travel time spent in this place.
 C = Inter-level travel time spent in this place.
 D = Time resting spent in this place.
 E = Time spent auto-exploring this place.
 F = Levels seen in this place.
 G = Mean time per level.
                   A        B        C        D        E       F      G
               +--------+--------+--------+--------+--------+-----+--------+
         Total |  10192 |   9947 |    245 |   3673 |   4665 |  10 | 1019.2 |
       Dungeon |   9763 |   9522 |    241 |   3320 |   4621 |   9 | 1084.8 |
        Temple |    429 |    425 |      4 |    352 |     44 |   1 |  429.0 |
               +--------+--------+--------+--------+--------+-----+--------+

Top non-repeatable levels by time:
     D:5: 2283 daAuts
     D:6: 1672 daAuts
     D:7: 1423 daAuts
     D:1: 1306 daAuts
     D:3: 977 daAuts
     D:2: 845 daAuts
     D:4: 654 daAuts
     D:8: 572 daAuts
  Temple: 429 daAuts
     D:9: 28 daAuts
